 Dungeon Crawl Stone Soup version 0.18-a0-1157-g59db91b (webtiles) character file.

43118 namelastname112 the Martial Artist (level 13, 0/111 HPs)
             Began as a Green Draconian Monk on Jan 23, 2016.
             Was an Elder of Elyvilon.
             Succumbed to a spiny frog's poison
             ... on level 7 of the Lair of Beasts.
             The game lasted 00:44:28 (21124 turns).

namelastname112 the Martial Artist (DrMo)          Turns: 21124, Time: 00:44:28

Health: 0/111      AC: 16    Str: 13    XL:     13   Next: 89%
Magic:  23/26      EV: 18    Int: 12    God:    Elyvilon [****..]
Gold:   1397       SH:  0    Dex: 18    Spells: 1 memorised, 24 levels left

rFire  + . .     SeeInvis .       - Unarmed
rCold  + . .     Gourm    .     (armour unavailable)
rNeg   . . .     Faith    .     (no shield)
rPois  +         Spirit   .     O - +0 hat
rElec  .         Dismiss  .     (no cloak)
rCorr  .         Reflect  .     z - +1 pair of gloves
SustAt .         Harm     .     (no boots)
MR     .....                    j - amulet of regeneration
Stlth  ++........               C - +6 ring of protection
                                o - ring of protection from cold

@: lethally poisoned (0 -> -8), protection, not resistant to hostile
enchantments, unstealthy
A: breathe noxious fumes, unfitting armour, fire resistance 1, poison
resistance, cold-blooded, AC +8
a: Breathe Noxious Fumes, Lesser Healing, Heal Other, Purification, Greater
Healing, Divine Protection, Renounce Religion


You were on level 7 of the Lair of Beasts.
You worshipped Elyvilon.
Elyvilon was greatly pleased with you.
You were not hungry.

You visited 2 branches of the dungeon, and saw 19 of its levels.

You collected 1397 gold pieces.

Inventory:

Armour
 z - a +1 pair of gloves (worn)
 O - a +0 hat (worn)
Rods
 U - a +1 rod of clouds (11/11)
   (You found it on level 4 of the Lair of Beasts)
Jewellery
 f - an uncursed ring of fire
 g - an uncursed ring of resist corrosion
 j - an amulet of regeneration (around neck)
 m - an uncursed ring of flight
 o - a ring of protection from cold (left hand)
 u - an uncursed ring of magical power
 C - a +6 ring of protection (right hand)
 K - the amulet of Iphe {Dismiss MR- Int+3 Slay+2}
   (You found it on level 7 of the Lair of Beasts)

   [amulet of dismissal]

   It may teleport away creatures that harm you.
   It affects your intelligence (+3).
   It affects your accuracy and damage with ranged weapons and melee attacks
   (+2).
   It affects your resistance to hostile enchantments.
 P - an uncursed ring of see invisible
Wands
 b - a wand of fireball (14/15)
 n - a wand of fire (6/15)
 F - a wand of fire (6/15)
 G - a wand of fire (9/15)
 L - a wand of paralysis (5/24)
 R - a wand of fireball (4/15)
 S - a wand of lightning (8/15)
 V - a wand of fire (7/15)
 Y - a wand of fireball (6/15)
Scrolls
 k - 14 scrolls of remove curse
 l - a scroll of magic mapping
 p - 5 scrolls of recharging
 t - a scroll of enchant armour
 v - 3 scrolls of amnesia
 y - a scroll of summoning
 H - a scroll of vulnerability
 N - 3 scrolls of teleportation
 Q - 3 scrolls of fear
 W - 3 scrolls of identify
Potions
 d - 2 potions of heal wounds
 e - 4 potions of curing
 h - 3 potions of haste
 q - a potion of resistance
 r - 3 potions of brilliance
 w - 3 potions of flight
 D - a potion of berserk rage
 E - 4 potions of might
 M - a potion of cure mutation
 T - 2 potions of cancellation
 X - 3 potions of agility {unknown}
Books
 i - a Fen Folio

   Spells                             Type                      Level
   a - Corpse Rot                     Necromancy                   2
   b - Stone Arrow                    Conjuration/Earth            3
   c - Leda's Liquefaction            Hexes/Earth                  4
   d - Summon Forest                  Summoning/Translocation      5
   e - Hydra Form                     Transmutation                6
   f - Summon Hydra                   Summoning                    7
 s - a book of Cantrips

   Spells                             Type                      Level
   a - Corona                         Hexes                        1
   b - Animate Skeleton               Necromancy                   1
   c - Summon Small Mammal            Summoning                    1
   d - Apportation                    Translocation                1
 B - a book of Party Tricks

   Spells                             Type                      Level
   a - Summon Butterflies             Summoning                    1
   b - Apportation                    Translocation                1
   c - Tukima's Dance                 Hexes                        3
   d - Alistair's Intoxication        Transmutation/Poison         5
   e - Invisibility                   Hexes                        6
 J - a book of Conjurations

   Spells                             Type                      Level
   a - Magic Dart                     Conjuration                  1
   b - Searing Ray                    Conjuration                  2
   c - Dazzling Spray                 Conjuration/Hexes            3
   d - Fulminant Prism                Conjuration/Hexes            4
   e - Iskenderun's Mystic Blast      Conjuration                  4
   f - Iskenderun's Battlesphere      Conjuration/Charms           5
Comestibles
 a - 11 bread rations
 c - 3 beef jerkies
 x - 24 fruits
 I - 9 royal jellies


   Skills:
 - Level 9.1 Fighting
 - Level 7.4 Dodging
 - Level 1.7 Stealth
 - Level 13.8 Unarmed Combat
 * Level 9.2 Spellcasting
 * Level 10.1 Transmutations
 - Level 11.0 Invocations


You had 24 spell levels left.
You knew the following spells:

 Your Spells              Type           Power        Failure   Level  Hunger
a - Hydra Form            Trmt           ####......   38%         6    #######


Dungeon Overview and Level Annotations

Branches:
Dungeon (11/15)            Temple (0/1) D:6            Lair (8/8) D:10
 Shoals (0/4) Lair:3       Spider (0/4) Lair:6          Orc (0/2) D:9
  Slime: Lair:6-8

Altars:
Cheibriados
Elyvilon
Makhleb
Nemelex Xobeh
Qazlal
Ru
Vehumet
Xom
The Shining One

Shops:
D:5 [

Annotations:
D:6 Pikel
Lair:6 exclusion: oklob plant


Innate Abilities, Weirdness & Mutations

You can breathe blasts of noxious fumes.
Your lurid green scales are hard (AC +8).
Your body does not fit into most forms of armour.
Your system is resistant to poisons.
You are cold-blooded and may be slowed by cold attacks.
Your flesh is heat resistant.


Message History

The spiny frog stings you!
* * * LOW HITPOINT WARNING * * *
The komodo dragon barely misses you. The giant frog misses you.
The spiny frog stings you.
* * * LOW HITPOINT WARNING * * *
You are lethally poisoned!
The spiny frog poisons you!
* * * LOW HITPOINT WARNING * * *
You feel sick.
The vampire mosquito completely misses you. x2
The spiny frog barely misses you. The giant frog misses you.
The spiny frog stings you.
* * * LOW HITPOINT WARNING * * *
Unknown command.
* * * LOW HITPOINT WARNING * * *
You feel sick. The giant frog hits you.
* * * LOW HITPOINT WARNING * * *
The vampire mosquito misses you. The spiny frog stings you.
Elyvilon protects you from harm!
You die...

....................#.###.....###
....#...........##...## #.....#.#
....##..........#...## #....#.#
.....#.........##....# #P....##
.....#.........#.....## ##...P#
.....###.....###......####....##
.......###.###....FF#.#.#......#
...........# #....yl†........###
......P.#.P# ##<@.F..........#
....####..####...........#.###
....####### #.#........#####
...P..P..## ####w...w##.#
..........#######....####
..........##P.###....##
.........###..........#
...........#....P..#.##
...............P.P####


You could see a komodo dragon, 2 spiny frogs, a vampire mosquito, a giant frog
and 2 neutral giant leeches.

Vanquished Creatures
  Gastronok (Lair:2)
  Maud (Lair:6)
  Snorg (D:11)
  3 hill giants
  3 griffons
  10 elephants
  5 black mambas
  Joseph (Lair:1)
  8 spiny frogs
  4 fire drakes
  8 komodo dragons
  2 trolls
  A two-headed ogre (D:9)
  2 polar bears
  18 blink frogs
  A redback (Lair:6)
  38 yaks
  A shadow (D:11)
  3 wyverns
  A wraith (D:10)
  2 hungry ghosts
  3 basilisks
  A steam dragon (Lair:6)
  9 hippogriffs
  A vampire mosquito (Lair:7)
  5 wolves (Lair:1)
  Menkaure (D:6)
  2 wargs (D:9)
  2 soldier ants (D:8)
  14 water moccasins
  14 porcupines
  4 orc warriors
  Duvessa (D:4)
  3 black bears
  4 ice beasts
  A wasp (D:8)
  3 slaves (D:6)
  A necrophage (D:11)
  7 ogres
  The ghost of Duffy the Chopper, an amateur MiFi (D:4)
  An eye of draining (D:10)
  A phantom (D:6)
  2 centaurs
  7 crocodiles
  A big kobold (D:7)
  16 giant frogs
  Dowan (D:4)
  2 scorpions
  3 wights (D:10)
  8 killer bees
  4 electric eels
  4 crimson imps
  A centaur zombie (D:6)
  4 quasits
  6 hounds
  A centaur skeleton (D:7)
  A giant frog skeleton (D:8)
  11 orc priests
  2 jellies
  5 orc wizards
  A gnoll shaman (D:6)
  10 iguanas
  5 worker ants
  5 sheep (Lair:4)
  A hound skeleton (D:10)
  A hound zombie (D:6)
  Robin (D:2)
  3 gnolls (D:6)
  57 river rats
  18 adders
  3 shadow imps
  An ooze (D:7)
  3 adder skeletons
  2 adder zombies (D:7)
  4 worms
  7 giant geckos
  41 orcs
  7 giant cockroaches
  22 goblins
  10 hobgoblins
  10 jackals
  12 kobolds
  2 quokkas
  2 ball pythons
  5 bats
  9 giant newts
  2 quokka skeletons
  2 rats
518 creatures vanquished.

Vanquished Creatures (others)
  An elephant (Lair:6)
  A komodo dragon (Lair:2)
  2 blink frogs (Lair:2)
  A giant frog zombie (D:10)
  An adder (D:3)
  3 river rats (Lair:3)
  A bat (D:3)
  A butterfly (Lair:7)
  5 fungi
  8 plants
24 creatures vanquished.

Grand Total: 542 creatures vanquished

Notes
Turn   | Place    | Note
--------------------------------------------------------------
     0 | D:1      | namelastname112 the Draconian Monk began the quest for the Orb.
     0 | D:1      | Reached XP level 1. HP: 19/19 MP: 1/1
   269 | D:1      | Reached XP level 2. HP: 26/26 MP: 2/2
   715 | D:2      | HP: 1/26 [adder (4)]
   716 | D:2      | Reached skill level 5 in Unarmed Combat
   716 | D:2      | Reached XP level 3. HP: 1/31 MP: 3/3
  1068 | D:2      | Found a faded altar to an unknown god.
  1294 | D:2      | Reached XP level 4. HP: 24/38 MP: 4/4
  1389 | D:2      | Noticed Robin
  1418 | D:2      | Killed Robin
  1693 | D:2      | Found a burning altar of Makhleb.
  1780 | D:2      | Found a glowing golden altar of the Shining One.
  1783 | D:2      | Reached skill level 6 in Unarmed Combat
  1902 | D:3      | Found a white marble altar of Elyvilon.
  2028 | D:3      | Reached XP level 5. HP: 29/45 MP: 5/5
  2582 | D:4      | Reached skill level 7 in Unarmed Combat
  2695 | D:4      | Noticed Duffy's ghost (amateur MiFi)
  2718 | D:3      | Became a worshipper of Elyvilon the Healer
  2718 | D:3      | Reached * piety under Elyvilon
  2718 | D:3      | Reached ** piety under Elyvilon
  2797 | D:4      | Killed Duffy's ghost
  2797 | D:4      | Reached XP level 6. HP: 51/51 MP: 6/6
  2805 | D:4      | Reached skill level 8 in Unarmed Combat
  2858 | D:4      | Noticed Dowan
  3108 | D:4      | Found a snail-covered altar of Cheibriados.
  3164 | D:4      | Noticed Duvessa
  3412 | D:4      | Killed Dowan
  3475 | D:5      | Entered Level 5 of the Dungeon
  3607 | D:4      | Killed Duvessa
  3607 | D:4      | Reached XP level 7. HP: 17/57 MP: 7/7
  3607 | D:4      | Your scales start taking on a lurid green colour.
  3607 | D:4      | Gained mutation: Your system is resistant to poisons. [Green Draconian growth]
  3666 | D:4      | Reached skill level 9 in Unarmed Combat
  3863 | D:5      | Found a sacrificial altar of Ru.
  4193 | D:5      | Found a stormy altar of Qazlal.
  4194 | D:5      | Noticed an air elemental
  4205 | D:5      | Noticed a water elemental
  4205 | D:5      | Noticed a fire elemental
  4222 | D:5      | Reached skill level 10 in Unarmed Combat
  4454 | D:5      | Reached XP level 8. HP: 51/63 MP: 8/8
  4536 | D:5      | Found Wenitiat's Antique Armour Boutique.
  4628 | D:6      | Found a shimmering altar of Xom.
  4940 | D:6      | Found a staircase to the Ecumenical Temple.
  4961 | D:6      | Noticed Pikel
  4964 | D:6      | Noticed Menkaure
  5016 | D:6      | Reached skill level 11 in Unarmed Combat
  5058 | D:6      | Reached *** piety under Elyvilon
  5064 | D:6      | Killed Menkaure
  5399 | D:6      | Found a radiant altar of Vehumet.
  6007 | D:7      | Reached skill level 12 in Unarmed Combat
  6039 | D:7      | Reached XP level 9. HP: 70/70 MP: 9/9
  6834 | D:8      | Reached skill level 5 in Fighting
  7141 | D:8      | Reached **** piety under Elyvilon
  7940 | D:9      | Found a staircase to the Orcish Mines.
  7943 | D:9      | Reached skill level 5 in Dodging
  7986 | D:9      | Reached XP level 10. HP: 43/84 MP: 10/10
  8338 | D:9      | Reached skill level 13 in Unarmed Combat
  8392 | D:9      | Found a sparkling altar of Nemelex Xobeh.
  8895 | D:9      | Reached skill level 1 in Invocations
  8962 | D:10     | Entered Level 10 of the Dungeon
  9036 | D:10     | Found a staircase to the Lair.
  9062 | D:10     | Reached ***** piety under Elyvilon
 10043 | D:10     | Reached skill level 5 in Invocations
 10315 | D:11     | Noticed a hill giant
 10316 | D:11     | Noticed a hill giant
 10572 | D:11     | Reached XP level 11. HP: 94/94 MP: 15/15
 10936 | D:11     | Noticed Snorg
 10954 | D:11     | Killed a hill giant
 10959 | D:11     | Killed a hill giant
 11235 | D:11     | Killed Snorg
 11340 | D:11     | Noticed a green ugly thing
 11393 | D:10     | Noticed a hill giant
 11403 | D:10     | Killed a hill giant
 11456 | D:11     | Pacified a green ugly thing
 11567 | Lair:1   | Entered Level 1 of the Lair of Beasts
 11791 | Lair:1   | Noticed Joseph
 11806 | Lair:1   | Killed Joseph
 12005 | Lair:1   | Learned a level 6 spell: Hydra Form
 12040 | Lair:1   | Noticed a six-headed hydra
 12051 | Lair:1   | Pacified a six-headed hydra
 12051 | Lair:1   | Reached skill level 1 in Spellcasting
 12051 | Lair:1   | Reached skill level 1 in Transmutations
 12480 | Lair:1   | Reached XP level 12. HP: 98/104 MP: 18/18
 13115 | Lair:2   | Noticed Gastronok
 13163 | Lair:2   | Killed Gastronok
 14168 | Lair:3   | Found a staircase to the Shoals.
 14179 | Lair:3   | Reached skill level 10 in Invocations
 14208 | Lair:3   | Reached skill level 5 in Transmutations
 14306 | Lair:3   | Gained mutation: Your flesh is heat resistant. [potion of beneficial mutation]
 14379 | Lair:3   | Reached skill level 5 in Spellcasting
 14575 | Lair:3   | Noticed a five-headed hydra
 14577 | Lair:3   | Pacified a five-headed hydra
 15275 | Lair:4   | Noticed a six-headed hydra
 15279 | Lair:4   | Pacified a six-headed hydra
 15793 | Lair:4   | Reached XP level 13. HP: 104/111 MP: 22/22
 16119 | Lair:4   | Identified a +1 rod of clouds (11/11) (You found it on level 4 of the Lair of Beasts)
 17574 | Lair:6   | Noticed Maud
 17597 | Lair:6   | HP: 1/111 [Maud/long sword of protection (38)]
 17599 | Lair:6   | Elyvilon protects you from harm!
 17602 | Lair:6   | Elyvilon protects you from harm!
 17748 | Lair:6   | Killed Maud
 18595 | Lair:6   | Found a hole to the Spider Nest.
 19459 | Lair:7   | Got an ancient platinum amulet
 19472 | Lair:7   | Identified the amulet of Iphe {Dismiss MR- Int+3 Slay+2} (You found it on level 7 of the Lair of Beasts)
 20533 | Lair:7   | Reached skill level 10 in Transmutations
 20641 | Lair:7   | Found a sparkling altar of Nemelex Xobeh.
 20997 | Lair:8   | Entered Level 8 of the Lair of Beasts
 21122 | Lair:7   | HP: 5/111 [poisoned by a spiny frog]
 21123 | Lair:7   | HP: 1/111 [giant frog (3)]
 21123 | Lair:7   | Elyvilon protects you from harm!
 21124 | Lair:7   | Succumbed to a spiny frog's poison

Vault maps used:
D:1:      scummos_arrival_forest
D:2:      lemuel_round_altar, nicolae_overflow_crystal_walls,
          ecumenical_altar_2, kennysheep_generic_room_12, uniq_robin
D:3:      elyvilon_altar_4, first_bread
D:4:      lemuel_doored_altar, uniq_duvessa
D:5:      overflow_temple_1_default, nicolae_qazlal_style_of_elements,
          serial_shops, shop
D:6:      marbit_many_paths, minmay_temple_entry_large_hall, xom_teletrap_fun,
          uniq_menkaure, uniq_pikel
D:7:      kennysheep_generic_room_16
D:8:      hangedman_pestilent_swarm
D:9:      nemelex_xobeh_ov_fountains_minmay, erik_orc_3
D:11:     uniq_snorg
Lair:1:   cheibrodos_lair_reptile_den, serial_bayou_shore_b, grunt_megastairs_4,
          lemuel_fruit_tree, uniq_joseph
Lair:2:   minivault_25, infiniplex_staircase_pool, uniq_gastronok
Lair:3:   minmay_shoals_entry_beasts, serial_bayou, serial_bayou_pond_c,
          serial_bayou_lagoon_b, serial_bayou_pond_a, serial_bayou_lake_a
Lair:4:   serial_bayou_shore_a, grunt_megastairs_1, lemuel_fruit_fields
Lair:5:   serial_bayou, serial_bayou_pond_c, serial_bayou_shore_b,
          serial_bayou_crossing, serial_bayou_pond_d, grunt_megastairs_3
Lair:6:   spider_nest_entry_webs, minmay_slime_entry_oklob_enclosed,
          cheibrodos_lair_caveside_slide, bh_autumn_forest_stairs, uniq_maud
Lair:7:   boulder_quad_collide, basic_altar, lemuel_another_geyser,
          lemuel_fruit_fields, infiniplex_staircase_pool_2
Lair:8:   minmay_lair_end_frog_pond, small_statue_intersection

Action                   |  1- 3 |  4- 6 |  7- 9 | 10-12 | 13-15 || total
-------------------------+-------+-------+-------+-------+-------++-------
Melee: Unarmed           |   108 |   224 |   459 |  1054 |   594 ||  2439
Invok: Heal Other        |       |       |       |     9 |    14 ||    23
       Lesser Healing    |       |       |       |     3 |       ||     3
       Divine Protection |       |       |       |       |     2 ||     2
 Abil: Breathe Noxious F |       |       |    13 |    28 |    21 ||    62
Evoke: Wand              |       |       |     1 |       |     1 ||     2
  Use: Potion            |     1 |     8 |       |     2 |     2 ||    13
       Scroll            |       |     5 |       |    19 |     4 ||    28
 Stab: Sleeping          |     8 |     3 |     9 |     3 |     6 ||    29
       Confused          |       |       |    14 |    39 |    19 ||    72
       Distracted        |       |       |     2 |       |       ||     2
  Eat: Chunk             |     1 |     6 |    15 |    31 |    12 ||    65
       Pizza             |       |     1 |     1 |     1 |     3 ||     6
       Fruit             |       |       |     1 |       |     2 ||     3
       Meat ration       |       |       |       |     1 |     1 ||     2
       Bread ration      |       |       |       |       |     1 ||     1
       Royal jelly       |       |       |       |       |     1 ||     1
